 Dungeon Crawl Stone Soup version 0.29.0-4-gdea44cf6ec (webtiles) character file.

Game seed: 2491084656350109133

106 qw the Chopper (level 4, -1/26 HPs)
             Began as a Tengu Warper on Aug 28, 2022.
             Slain by a gnoll
             ... wielding a +0 spear
              (2 damage)
             ... on level 3 of the Dungeon.
             The game lasted 00:00:10 (2030 turns).

qw the Chopper (Tengu Warper)                       Turns: 2030, Time: 00:00:11

Health: -1/26      AC:  6    Str: 14    XL:     4   Next: 84%
Magic:  8/8        EV: 11    Int: 13    God:
Gold:   120        SH:  0    Dex: 13    Spells: 7/7 levels left

rFire   . . .      SeeInvis .   Y - +0 hand axe (chaos)
rCold   . . .      Faith    .   (no shield)
rNeg    . . .      Spirit   .   f - +0 ring mail
rPois   .          Reflect  .   (helmet restricted)
rElec   .          Harm     .   d - +0 cloak
rCorr   +          Rampage  .   (no gloves)
Will    .....                   (boots unavailable)
Stlth   +.........              (no amulet)
HPRegen 0.08/turn               h - ring of resist corrosion
MPRegen 0.11/turn               (no ring)

@: lethally poisoned (-1 -> -6)
A: beak, talons 3
a: no special abilities


You were on level 3 of the Dungeon.
You visited 1 branch of the dungeon, and saw 3 of its levels.

You collected 120 gold pieces.


Innate Abilities, Weirdness & Mutations

You have a beak for a mouth.
You have claws for feet.


   Skills:
 - Level 2.0 Fighting
 + Level 5.3 Axes
 - Level 1.0 Throwing
 - Level 1.1 Armour
 - Level 2.1 Dodging
 - Level 2.0 Spellcasting
 - Level 2.4 Translocations


You had 7 spell levels left.
You didn't know any spells.
Your spell library contained the following spells:

 Spells                   Type           Power      Damage    Failure   Level
 Blink                    Tloc           14%        N/A       30%         2
 Gell's Gravitas          Tloc           7%         N/A       52%         3
 Lesser Beckoning         Tloc           7%         N/A       52%         3
 Teleport Other           Tloc           7%         N/A       52%         3
 Manifold Assault         Tloc           7%         N/A       99%         5

Inventory:

Hand Weapons
 b - a +0 flail
 Y - a +0 hand axe of chaos (weapon)
Missiles
 c - 3 boomerangs (quivered)
Armour
 a - a +0 scale mail
 d - a +0 cloak (worn)
 f - a +0 ring mail (worn)
Jewellery
 h - a ring of resist corrosion (left hand)
Potions
 e - a potion of degeneration {unknown}
 g - a potion of heal wounds {unknown}
 i - a potion of resistance {unknown}
 k - a potion of might {unknown}

Dungeon Overview and Level Annotations

Branches:
Dungeon (3/15)

Altars:


Message History

Found a stone staircase leading down.
Enter note:
2019 ||| Stepping ~*~*~tactically~*~*~ (hiding).
You start waiting.
There are monsters nearby!
You barely miss the gnoll.
The gnoll hits you with a +0 whip of venom.
You barely miss the gnoll. Your kick misses the gnoll.
Your peck misses the gnoll. The gnoll closely misses you.
You completely miss the gnoll. Your kick misses the gnoll.
Your peck misses the gnoll. The gnoll completely misses you.
You hit the gnoll but do no damage.
The gnoll is poisoned.
The gnoll hits you with a +0 whip of venom.
You are poisoned.
The gnoll hits you but does no damage.
You hit the gnoll.
The gnoll flickers and vanishes!
Deactivating autopickup; reactivate with Ctrl-A.
You peck something.
You feel very sick. Something hits you.
You are more poisoned.
The gnoll hits you but does no damage.
You closely miss something. You peck something.
You feel very sick. Something hits you. The gnoll misses you.
You closely miss something.
You feel sick. Something hits you.
The gnoll hits you from afar with a +0 spear.
You slash something!
Reactivating autopickup.
You feel a bit more experienced.
You feel sick. The gnoll closely misses you.
You hit the gnoll. You freeze the gnoll.
The gnoll is moderately wounded.
You feel sick. The gnoll barely misses you. The gnoll closely misses you.
The gnoll hits you but does no damage.
The gnoll hits you from afar with a +0 spear.
You die...

... ... .... ##
.g... ##.
.....##..
....g...#######
.g....g........
#g# #@#
######.#
#....#.#
#.#....#
#...P.#######
#....8##....#
#.....##....#
#....P##....#
#.#....#....#


You could see 2 gnolls.

Vanquished Creatures
  Natasha (twice) (D:2)
  A gnoll (D:3)
  A dart slug (D:1)
  An orc (D:3)
  3 endoplasms
  3 giant cockroaches
  A goblin (D:2)
  2 hobgoblins
  4 jackals (D:2)
  5 kobolds
  2 quokkas
  3 ball pythons
  9 bats
  3 frilled lizards
  4 rats
44 creatures vanquished.

Vanquished Creatures (others)
  2 withered plants (D:3)
2 creatures vanquished.

Grand Total: 46 creatures vanquished

Notes
Turn   | Place    | Note
-------+----------+-------------------------------------------
     0 | D:1      | qw the Tengu Warper began the quest for the Orb.
     0 | D:1      | Reached XP level 1. HP: 12/12 MP: 4/4
     0 | D:1      | 0 ||| qw: Version: 0.1-a-89-g26bdef1
     0 | D:1      | 0 ||| qw: Game counter: 2755
     0 | D:1      | 0 ||| qw: Always use a shield: true
     0 | D:1      | 0 ||| qw: God list: Okawaru
     0 | D:1      | 0 ||| qw: Allow faded altars: false
     0 | D:1      | 0 ||| qw: Do Orc after D:15 true
     0 | D:1      | 0 ||| qw: Do second Lair branch before Depths: true
     0 | D:1      | 0 ||| qw: Lair rune preference: random
     0 | D:1      | 0 ||| qw: Plans: Normal
     0 | D:1      | 0 ||| PLANNING D:1-11
   159 | D:1      | Reached XP level 2. HP: 17/17 MP: 6/6
   171 | D:1      | Reached skill level 3 in Axes
   687 | D:1      | 687 ||| UPGRADING to +0 cloak.
   692 | D:1      | 692 ||| DROPPING amulet of magic regeneration.
   693 | D:1      | 693 ||| UPGRADING to ring of resist corrosion.
   694 | D:1      | 694 ||| READING scroll labelled ILEPOI TIFRI.
   698 | D:1      | 698 ||| READING scroll labelled KALUON POITAMP.
   699 | D:1      | 699 ||| READING scroll labelled TOPSIW OPLIU.
   700 | D:1      | 700 ||| DROPPING scroll of blinking.
   758 | D:2      | 758 ||| STAIRDANCE
   761 | D:1      | Reached XP level 3. HP: 21/21 MP: 7/7
   771 | D:2      | Reached skill level 4 in Axes
   771 | D:2      | 771 ||| STAIRDANCE
   989 | D:2      | 989 ||| Stepping ~*~*~tactically~*~*~ (stealth).
  1008 | D:2      | 1008 ||| Stepping ~*~*~tactically~*~*~ (stealth).
  1009 | D:2      | 1009 ||| Stepping ~*~*~tactically~*~*~ (stealth).
  1011 | D:2      | 1011 ||| Stepping ~*~*~tactically~*~*~ (stealth).
  1012 | D:2      | 1012 ||| Stepping ~*~*~tactically~*~*~ (stealth).
  1077 | D:2      | Noticed Natasha
  1078 | D:2      | 1078 ||| Stepping ~*~*~tactically~*~*~ (hiding).
  1087 | D:2      | Killed Natasha
  1088 | D:2      | Reached XP level 4. HP: 16/26 MP: 8/8
  1454 | D:2      | Identified the +6 trident of Recklessness {freeze, rF++ rC+
                  | Dex+4}
  1776 | D:2      | Noticed Natasha
  1782 | D:2      | Killed Natasha
  1783 | D:2      | Reached skill level 5 in Axes
  1846 | D:2      | 1846 ||| UPGRADING to +0 ring mail.
  1856 | D:2      | 1856 ||| DROPPING +0 leather armour.
  1857 | D:2      | 1857 ||| READING scroll labelled VUNECH XULU.
  1858 | D:2      | 1858 ||| READING scroll labelled YHUOMILIELL.
  1859 | D:2      | 1859 ||| READING scroll labelled HAFFOZEUMU.
  1939 | D:3      | 1939 ||| DROPPING +0 club.
  2019 | D:3      | 2019 ||| Stepping ~*~*~tactically~*~*~ (hiding).
  2028 | D:3      | HP: 5/26 [gnoll/+0 spear (2)]
  2030 | D:3      | HP: 1/26 [poisoned by a gnoll]
  2030 | D:3      | Slain by a gnoll

Levels and vault maps discovered:
D:1:      nicolae_arrival_somewhat_less_tricky_arrival, layout_rooms,
          columned_hall_lemuel, minmay_fountain_box
D:2:      layout_loops_ring, kennysheep_nondescript, uniq_natasha
D:3:      layout_basic, lemuel_round_altar, serial_undead, serial_undead_e,
          serial_undead_b, serial_undead_d, serial_undead_e, serial_shops,
          nicolae_shop_stone, uniq_robin

Skill      XL: |  1  2  3  4 |
---------------+-------------+-----
Axes           | 3 4 5 |  5.3
Fighting       | |  2.0
Throwing       | |  1.0
Armour         | |  1.1
Dodging        | |  2.1
Spellcasting   | |  2.0
Translocations | |  2.4

Action                   |  1- 3 |  4- 6 || total
-------------------------+-------+-------++-------
Melee: Hand axe          |    71 |    30 ||   101
       Kick              |    17 |     1 ||    18
       Peck              |     5 |     4 ||     9
Throw: Boomerang         |     7 |     1 ||     8
  Use: Scroll            |     3 |     3 ||     6
Armor: Leather armour    |    24 |     9 ||    33
       Ring mail         |       |     4 ||     4
Dodge: Dodged            |    62 |    22 ||    84

Table legend:
 A = Non-vault XP
 B = Vault XP
 C = Vault XP percentage of total XP
 D = Non-vault monster count
 E = Vault monster count
 F = Vault count percentage of total count
                 A         B        C        D         E       F
            +---------+---------+-------+---------+---------+-------
      Total |     119 |      33 |  21.7 |      43 |       1 |   2.3
            +---------+---------+-------+---------+---------+-------
        D:1 |      37 |       0 |   0.0 |      21 |       0 |   0.0
        D:2 |      62 |      33 |  34.7 |      18 |       1 |   5.3
        D:3 |      20 |       0 |   0.0 |       4 |       0 |   0.0
            +---------+---------+-------+---------+---------+-------
